 Dungeon Crawl Stone Soup version 0.20-a0-830-g2c9a30d (webtiles) character file.

55 M4edhros the Sneak (level 3, -4/23 HPs)
             Began as an Octopode Artificer on Mar 7, 2017.
             Slain by a worm (7 damage)
             ... on level 2 of the Dungeon on Mar 8, 2017.
             The game lasted 00:01:16 (809 turns).

M4edhros the Sneak (Octopode Artificer)              Turns: 809, Time: 00:01:17

Health: -4/23      AC:  1    Str: 16    XL:     3   Next: 93%
Magic:  5/5        EV: 13    Int: 13    God:
Gold:   55         SH:  0    Dex: 13    Spells: 2/2 levels left

rFire    . . .     SeeInvis .   a - +0 short sword
rCold    . . .     Gourm    .   (no shield)
rNeg     . . .     Faith    .   (helmet restricted)
rPois    .         Spirit   .   (no amulet)
rElec    .         Reflect  .   (no ring)
rCorr    .         Harm     .   (no ring)
MR       .....                  (no ring)
Stlth    ++++......             (no ring)
Regen    0.1/turn               (no ring)
MPRegen  0.1/turn               (no ring)
                                (no ring)
                                (no ring)

@: mighty
A: almost no armour, stealthy swim, amphibious, 8 rings, constrict 8, camouflage
1, gelatinous body 1
a: no special abilities


You were on level 2 of the Dungeon.
You were not hungry.

You visited 1 branch of the dungeon, and saw 3 of its levels.

You collected 55 gold pieces.

Inventory:

Hand Weapons
 a - a +0 short sword (weapon)
Wands
 b - a wand of flame (12/48)
 c - a wand of enslavement (15/24)
 d - a wand of random effects (14/48)
Scrolls
 e - a scroll of amnesia {unknown}
Potions
 g - a potion of lignification {unknown}
 h - a potion of curing {unknown}
 i - a potion of ambrosia {unknown}
 k - a potion of might
Comestibles
 f - 2 bread rations


   Skills:
 - Level 1.0 Fighting
 - Level 1.0 Short Blades
 - Level 2.0 Dodging
 + Level 5.3 Stealth
 - Level 3.2 Evocations


You had 2 spell levels left.
You didn't know any spells.

Dungeon Overview and Level Annotations

Branches:
Dungeon (3/15)

Altars:
Yredelemnul

Annotations:
D:3 Dolanko's ghost, amateur MfGl


Innate Abilities, Weirdness & Mutations

You cannot wear most types of armour.
You are very stealthy in the water. (Stealth+)
You are amphibious.
You can wear up to eight rings at the same time.
You can use your tentacles to constrict eight enemies at once.
Your skin changes colour to match your surroundings (Stealth+).
Your rubbery body absorbs attacks. (AC +1, EV +1)


Message History

There is a basalt altar of Yredelemnul here.
The jackal misses you.
Dolanko's ghost says, "Your head on a pike would complement this floor nicely."
The jackal completely misses you. The jackal bites you. The jackal bites you.
There is a stone staircase leading up here.
The jackal barely misses you. The jackal bites you.
* * * LOW HITPOINT WARNING * * *
You climb upwards.
The bat hits you.
* * * LOW HITPOINT WARNING * * *
The worm bites you.
* * * LOW HITPOINT WARNING * * *
There is a stone staircase leading down, spattered with blood here.
Okay, then.
It was a potion of might.
You feel very mighty all of a sudden. The bat hits you but does no damage.
The jackal barely misses you. The worm bites you!
You die...

##.#.. #.... ##..# #
#########.## #. ............
##.### .##.##### ###.##..###
#....$# ..#.....####......## #
.......##.#.#hw............###
.......r#.#..@.#####.###....##
........#.###b..###..# ##....#
.....(..#.###.......# ###..#
..........w...####..# #...
..............# ##.## ##..
$$.....!......# #..# #..
#.....#######.# ##.### #..
##.<.. #... #...## ### #...
###[# ###..###


You could see a worm, a jackal and a bat.

Vanquished Creatures
  Ijyb (D:3)
  2 giant cockroaches (D:2)
  4 hobgoblins
  5 jackals
  A quokka (D:3)
  2 frilled lizards (D:2)
  5 goblins
  3 kobolds
  3 rats (D:2)
26 creatures vanquished.

Notes
Turn   | Place    | Note
-------+----------+-------------------------------------------
     0 | D:1      | M4edhros the Octopode Artificer began the quest for the Orb.
     0 | D:1      | Reached XP level 1. HP: 13/13 MP: 3/3
    55 | D:1      | Reached skill level 2 in Stealth
   252 | D:2      | Reached XP level 2. HP: 18/18 MP: 4/4
   258 | D:2      | Reached skill level 3 in Stealth
   634 | D:2      | Reached skill level 4 in Stealth
   666 | D:3      | Reached XP level 3. HP: 7/23 MP: 5/5
   667 | D:3      | Noticed Ijyb
   680 | D:3      | Killed Ijyb
   680 | D:3      | Reached skill level 5 in Stealth
   716 | D:3      | Found a basalt altar of Yredelemnul.
   767 | D:3      | Noticed Dolanko's ghost (amateur MfGl)
   809 | D:2      | Slain by a worm

Vault maps used:
D:1:      dpeg_arrival_lava_temple_mockup
D:2:      minmay_goblin_kobold_house
D:3:      nicolae_overflow_crystal_walls, roderic_lattice_a,
          grunt_qazlal_sundering, uniq_jessica, uniq_iyjb

Skill      XL: |  1  2  3 |
---------------+----------+-----
Stealth        | 2 4 5 |  5.3
Fighting       | |  1.0
Short Blades   | |  1.0
Dodging        | |  2.0
Evocations     | |  3.2

Action                   || total
-------------------------++-------
Melee: Short sword       ||    54
       Tentacles         ||    13
       Constrict         ||    16
Evoke: Wand              ||     4
  Use: Potion            ||     1
 Stab: Sleeping          ||     7
Armor: Skin              ||     8
Dodge: Dodged            ||    44
